cohdb
Replays
Latest Replays
All Replays
Popular Replays
Top Player Replays
Match Explorer
How It Works
Community
CoH3 Stats
Reddit
Sign in to upload your games and track your stats! →
Sign in with Steam
Match 44064342
Unlisted
Match 44064342
Overview
Messages
Build Orders
End
Selects Special Operations Battlegroup
Selects M29 Weasel Recon Vehicle
M29 Weasel Recon Vehicle
Scout Squad
Construct Weapon Support Center
M1919 Machine Gun Team
M1919 Machine Gun Team
M1919 Machine Gun Team
Mechanized Support Center
M3 Armored Personnel Carrier
Selects Raiding Flares
M3 Armored Personnel Carrier
Bazooka Squad
Bazooka Squad
Construct Tank Depot
Selects Mark Vehicle
Raiding Flares
Improved M9 Bazooka Rockets
M1919 Machine Gun Team
Raiding Flares
Engineer Squad
M4(105) Sherman Bulldozer
Selects M4A1 Sherman Whizbang
DrewP
Dillbro
0
0
Comments
sign in to comment!
No comments posted yet!